 Dungeon Crawl Stone Soup version 0.31-a0-986-g5e6e4ef867 (webtiles) character file.

Game seed: 13902648135889572448

34 Jeffwins the Ruffian (level 3, -1/18 HPs)
             Began as a Draconian Shapeshifter on Nov 24, 2023.
             Slain by Terence
             ... wielding a +0 mace
              (4 damage)
             ... on level 2 of the Dungeon.
             The game lasted 00:03:04 (720 turns).

Jeffwins the Ruffian (Draconian Shapeshifter)        Turns: 720, Time: 00:03:04

Health: -1/18      AC:  5    Str: 16    XL:     3   Next: 14%
Magic:  3/3        EV: 12    Int: 12    God:
Gold:   100        SH:  0    Dex: 10    Spells: 2/2 levels left

rFire   . .          .
                       - Unarmed
rCold   . . .        (shield currently unavailable)
rNeg    . . .        (body armour unavailable)
rPois   .            (helmet restricted)
rElec   .            (no cloak)
rCorr   .            (no gloves)
SInv    .            (no boots)
Will    .....        (no amulet)
Stlth   +            (no ring)
HPRegen 0.23/turn    (no ring)
MPRegen 0.08/turn

%: no passive effects
@: flux-form, glowing
A: glow, contaminating, reduced hp, AC +5, unfitting armour, cold-blooded
a: Begin Untransformation


You were on level 2 of the Dungeon.
You were something dangerously unstable.
You visited 1 branch of the dungeon, and saw 2 of its levels.

You collected 100 gold pieces.


Innate Abilities, Weirdness & Mutations

You are something dangerously unstable.
You glow with magical radiation, making you easy to see and hit.
Foes you strike become dangerously contaminated with magical radiation.
Your maximum health is decreased, since you lack skill for your form.
You are incapable of wielding weapons or throwing items.
Your plain brown scales are hard. (AC +5)
You cannot fit into any form of body armour.
You are cold-blooded and may be slowed by cold attacks.


   Skills:
 - Level 1.1 Fighting
 - Level 1.7 Dodging
 * Level 3.7 Unarmed Combat
 * Level 3.5 Shapeshifting


You had 2 spell levels left.
You didn't know any spells.
Your spell library was empty.

Inventory:

Armour
 d - a scarf of repulsion
Talismans
 b - a beast talisman
 c - a flux talisman (active)
Scrolls
 e - a scroll of immolation {unknown}
Potions
 a - a potion of lignification {!q}
 f - a potion of degeneration {unknown}

Dungeon Overview and Level Annotations

Branches:
Dungeon (2/15)

Altars:

Annotations:
D:2 Terence

#.##### #.#...# ....#
#.#.#.#####....# #
#.#.#.##.......## #
#.#.#.#.##........
#.###.#.#.#.##....g.#
..>....<....##......##
#.....#@#....##......#
.......p#.#..##......#
....#.#..............#
#.. #.#.....##..##...#
.. # ####...##.###+###
. #.........#.#..
#...........#.#.
#......###..#.#.
#......##.......
##......##..##.##


You could see Terence (heavy contam, misshapen).


Message History

The hobgoblin closely misses you.
You hit the hobgoblin.
The hobgoblin shudders as magic cascades through it!
You kill the hobgoblin!
You hit Terence but do no damage.
Terence begins to glow.
Terence hits you with a +0 mace.
* * * LOW HITPOINT WARNING * * *
Unknown command.
You hit Terence but do no damage.
Terence glows dangerously bright.
Terence hits you with a +0 mace.
* * * LOW HITPOINT WARNING * * *
Unknown command.
You hit Terence.
Terence shudders as magic cascades through him.
Terence twists and deforms.
Terence is moderately wounded.
Terence misses you.
Unknown command.
You hit Terence.
Terence begins to glow.
You tail-slap Terence.
Terence is heavily wounded.
Terence closely misses you.
Unknown command.
You barely miss Terence. You tail-slap Terence.
Terence is heavily wounded.
Terence completely misses you.
Unknown command.
You hit Terence.
Terence glows dangerously bright.
Terence is severely wounded.
Terence hits you with a +0 mace.
You die...

Action                     || total
---------------------------++-------
  Melee: Unarmed           ||    74
         Tailslap          ||     4
         Punch             ||     1
 Armour: Skin              ||    52
  Dodge: Dodged            ||    30
   Form: Flux              ||     1

Levels and vault maps discovered:
D:1:      eino_arrival_tree_alley, layout_rooms, nrook_loot_triangle
D:2:      layout_basic, basic_ecumenical_altar, uniq_terence

Notes
Turn   | Place    | Note
-------+----------+-------------------------------------------
     0 | D:1      | Jeffwins the Draconian Shapeshifter began the quest for the
                  | Orb.
     0 | D:1      | Reached XP level 1. HP: 16/16 MP: 1/1
    96 | D:1      | Reached XP level 2. HP: 17/23 MP: 2/2
   553 | D:1      | Reached XP level 3. HP: 25/28 MP: 3/3
   692 | D:2      | Noticed Terence
   720 | D:2      | Slain by Terence

Vanquished Creatures
  2 dart slugs (D:1)
  A giant cockroach (D:1)
  4 goblins (D:1)
  5 hobgoblins
  A kobold (D:1)
  A quokka (D:1)
  2 ball pythons (D:1)
  5 bats
  3 frilled lizards
  4 rats (D:1)
28 creatures vanquished.

Table legend: (Time is in decaauts)
 A = Elapsed time spent in this place.
 B = Non-inter-level travel time spent in this place.
 C = Inter-level travel time spent in this place.
 D = Time resting spent in this place.
 E = Time spent auto-exploring this place.
 F = Levels seen in this place.
 G = Mean time per level.
                   A        B        C        D        E       F      G
               +--------+--------+--------+--------+--------+-----+--------+
         Total |    716 |    708 |      8 |      0 |    531 |   2 |  358.0 |
       Dungeon |    716 |    708 |      8 |      0 |    531 |   2 |  358.0 |
               +--------+--------+--------+--------+--------+-----+--------+

Top non-repeatable levels by time:
     D:1: 642 daAuts
     D:2: 73 daAuts

Table legend:
 A = Non-vault XP
 B = Vault XP
 C = Vault XP percentage of total XP
 D = Non-vault monster count
 E = Vault monster count
 F = Vault count percentage of total count
                 A         B        C        D         E       F
            +---------+---------+-------+---------+---------+-------
      Total |      49 |       0 |   0.0 |      28 |       0 |   0.0
            +---------+---------+-------+---------+---------+-------
        D:1 |      44 |       0 |   0.0 |      25 |       0 |   0.0
        D:2 |       5 |       0 |   0.0 |       3 |       0 |   0.0
            +---------+---------+-------+---------+---------+-------
